 Dungeon Crawl Stone Soup version 0.24.0-13-gcf9b319 (webtiles) character file.

Game seed: 4133070559977537747, levelgen mode: deterministic

10306 Afromullet the Thaumaturge (level 11, 0/86 HPs)
             Began as a Gnoll Warper on Feb 5, 2020.
             Was an Elder of Okawaru.
             Slain by a yak (10 damage)
             ... on level 10 of the Dungeon.
             The game lasted 00:49:13 (14636 turns).

Afromullet the Thaumaturge (Gnoll Warper)          Turns: 14636, Time: 00:49:14

Health: 0/86       AC: 16    Str: 16    XL:     11   Next: 60%
Magic:  23/23      EV: 24    Int: 17    God:    Okawaru [****..]
Gold:   410        SH:  3    Dex: 14    Spells: 9/26 levels left

rFire    . . .     SeeInvis .   c - +6 great sword (elec)
rCold    . . .     Gourm    .   (shield currently unavailable)
rNeg     . . .     Faith    .   y - +3 leather armour
rPois    .         Spirit   .   J - +1 helmet
rElec    .         Reflect  +   u - +0 cloak
rCorr    .         Harm     .   (no gloves)
MR       .....                  B - +0 pair of boots
Stlth    +++.......             P - +3 amulet of reflection
HPRegen  0.24/turn              k - +5 ring of protection
MPRegen  0.18/turn              g - ring of Phasing {EV+8}

@: lightly drained
A: distributed training, fangs 1, strong nose
a: Heroism, Renounce Religion


You were on level 10 of the Dungeon.
You worshipped Okawaru.
Okawaru was greatly pleased with you.
You were not hungry.

You visited 2 branches of the dungeon, and saw 14 of its levels.
You also visited: Sewer and Ossuary.

You collected 728 gold pieces.
You spent 318 gold pieces at shops.

Inventory:

Hand Weapons
 b - a +1 scimitar of flaming
 c - a +6 great sword of electrocution (weapon)
 m - a +1 flail
 w - a +3 scimitar of freezing
Missiles
 e - 5 boomerangs of dispersal (quivered)
 D - 10 boomerangs
Armour
 l - a +0 shield
 u - a +0 cloak (worn)
 y - a +3 leather armour (worn)
 B - a +0 pair of boots (worn)
 J - a +1 helmet (worn)
Magical Staves
 s - an uncursed staff of power
 K - an uncursed staff of conjuration
Jewellery
 a - an uncursed ring of magical power
 g - the ring of Phasing (right hand) {EV+8}
   (You found it on level 9 of the Dungeon)

   [ring of evasion]

   It affects your evasion (+8).
 j - an uncursed ring of wizardry
 k - a +5 ring of protection (left hand)
 F - an uncursed ring of resist corrosion
 O - an uncursed ring of fire
 P - a +3 amulet of reflection (around neck)
Wands
 i - a wand of digging (2)
 p - a wand of random effects (61)
 z - a wand of acid (1)
 E - a wand of paralysis (15)
Scrolls
 d - 7 scrolls of blinking
 o - 3 scrolls of immolation
 r - 6 scrolls of remove curse
 v - 4 scrolls of magic mapping
 x - 2 scrolls of amnesia
 A - 5 scrolls of identify
 C - 3 scrolls of teleportation
 G - 3 scrolls of random uselessness
Potions
 h - 2 potions of cancellation
 n - 6 potions of curing
 q - 2 potions of lignification
 t - 2 potions of brilliance
 H - a potion of might
 I - 3 potions of mutation
 L - 5 potions of resistance
 M - a potion of degeneration
 N - 3 potions of flight
 Q - a potion of ambrosia {unknown}
Comestibles
 f - 12 rations


   Skills:
 + Level 8.1(7.8) Fighting
 + Level 6.6(6.3) Short Blades
 + Level 6.6(6.3) Long Blades
 + Level 6.6(6.3) Axes
 + Level 8.1(7.8) Maces & Flails
 + Level 6.6(6.3) Polearms
 + Level 6.6(6.3) Staves
 + Level 6.6(6.3) Slings
 + Level 6.6(6.3) Bows
 + Level 6.6(6.3) Crossbows
 + Level 7.1(6.9) Throwing
 + Level 7.1(6.9) Armour
 + Level 8.1(7.8) Dodging
 + Level 6.6(6.3) Stealth
 + Level 6.6(6.3) Shields
 + Level 6.6(6.3) Unarmed Combat
 + Level 8.4(8.1) Spellcasting
 + Level 5.5(5.2) Conjurations
 + Level 5.5(5.2) Hexes
 + Level 5.5(5.2) Charms
 + Level 5.5(5.2) Summonings
 + Level 5.5(5.2) Necromancy
 + Level 7.8(7.6) Translocations
 + Level 5.5(5.2) Transmutations
 + Level 5.5(5.2) Fire Magic
 + Level 5.5(5.2) Ice Magic
 + Level 5.5(5.2) Air Magic
 + Level 5.5(5.2) Earth Magic
 + Level 5.5(5.2) Poison Magic
 + Level 7.2(7.0) Invocations
 + Level 6.6(6.3) Evocations


You had 9 spell levels left.
You knew the following spells:

 Your Spells              Type           Power        Failure   Level  Hunger
a - Blink                 Tloc           N/A          1%          2    None
b - Shroud of Golubria    Chrm/Tloc      ####..       1%          2    None
c - Gell's Gravitas       Tloc           ####......   1%          3    #......
d - Passage of Golubria   Tloc           N/A          5%          4    ###....
e - Teleport Other        Tloc           ####....     1%          3    #......
f - Lesser Beckoning      Tloc           ####......   1%          3    #......

Your spell library contained the following spells:

 Spells                   Type           Power        Failure   Level  Hunger
 Flame Tongue             Conj/Fire      ###..        1%          1    None
 Throw Flame              Conj/Fire      ###...       2%          2    None
 Conjure Flame            Conj/Fire      ###.....     4%          3    #......
 Inner Flame              Hex/Fire       ###.....     4%          3    #......
 Sticky Flame             Conj/Fire      ###.....     14%         4    ###....
 Fireball                 Conj/Fire      ###.......   36%         5    #####..


Dungeon Overview and Level Annotations

Branches:
Dungeon (13/15)            Temple (1/1) D:6           Sewer (visited)
Ossuary (visited)
   Lair: D:8-11         Orc: D:9-12      Vaults: D:13-14

Altars:
Ashenzari
Cheibriados
Dithmenos
Elyvilon
Fedhas
Gozag
Hepliaklqana
Kikubaaqudgha
Makhleb
Nemelex Xobeh
Okawaru
Qazlal
Ru
Sif Muna
Trog
Uskayaw
Vehumet
Wu Jian
Xom
Yredelemnul
Zin
The Shining One

Shops:
D:5 }   D:6 ?

Annotations:
D:12 Sonja


Innate Abilities, Weirdness & Mutations

Your experience applies equally to all skills.
You have very sharp teeth.
Your uncanny sense of smell can sniff out nearby items.


Message History

* * * LOW HITPOINT WARNING * * *
You see here a hound corpse.
You slash the yak!
The yak is almost dead.
The yak gores you.
* * * LOW HITPOINT WARNING * * *
You hit the yak. Lightning courses through the yak!!
The yak is heavily wounded.
The yak barely misses you. The yak misses you.
The yak snorts and paws the ground.
The yak gores you!
* * * LOW HITPOINT WARNING * * *
You slash the yak! Lightning courses through the yak!
You kill the yak!
Okawaru accepts your kill. The yak misses you.
You completely miss the yak.
The yak is almost dead.
The yak closely misses you. The yak gores you!
You die...

#### ..# ∆ #.#
##.####.#### ∆
.........Y@#
##.####.##†#
####.##†######
....h#.......#
###########.....##.#
#.......# #†[......#
#.......# #.....#..#
#.......###..#..#....
#....................


You could see a yak.

Vanquished Creatures
  Erica (D:8)
  A two-headed ogre (D:8)
  Pikel (D:7)
  Maurice (D:9)
  A troll (D:10)
  A slime creature (D:12)
  A spriggan (D:7)
  15 yaks
  2 humans (D:7)
  A black bear (D:8)
  3 phantoms
  3 sky beasts
  A necrophage (D:5)
  3 orc warriors
  2 slaves (D:7)
  3 centaurs
  5 ogres
  A big kobold (D:9)
  5 bullfrogs
  A wyvern skeleton (D:8)
  2 scorpions
  A water moccasin skeleton (D:8)
  7 killer bees
  11 wights
  2 centaur zombies
  4 crimson imps
  A bullfrog zombie (D:7)
  A jelly (D:5)
  A quasit (D:5)
  A centaur skeleton (D:6)
  A gnoll shaman (D:4)
  9 hounds
  5 orc priests
  A bullfrog skeleton (D:8)
  2 iguanas
  Ijyb (D:3)
  Terence (D:2)
  14 orc wizards
  10 worker ants
  A hound zombie (D:9)
  A hound skeleton (D:3)
  13 mummies (Ossuary)
  A worker ant zombie (D:6)
  5 gnolls (D:4)
  12 adders
  6 river rats (Sewer)
  2 shadow imps (D:7)
  An adder skeleton (D:6)
  A worm (D:2)
  4 dart slugs
  5 leopard geckos
  45 orcs
  3 ball pythons
  5 giant cockroaches
  4 goblins
  6 hobgoblins
  20 jackals
  11 kobolds
  5 quokkas
  7 bats
  14 frilled lizards
  2 gnoll skeletons (Ossuary)
  4 goblin skeletons (Ossuary)
  2 kobold skeletons (Ossuary)
  A leopard gecko zombie (D:5)
  A quokka skeleton (D:5)
  A quokka zombie (D:7)
  9 rats
  11 rat skeletons (Ossuary)
330 creatures vanquished.

Vanquished Creatures (others)
  A slave (D:7)
  A killer bee (D:12)
  An orc priest (D:7)
  4 plants (D:9)
7 creatures vanquished.

Grand Total: 337 creatures vanquished

Notes
Turn   | Place    | Note
-------+----------+-------------------------------------------
     0 | D:1      | Afromullet the Gnoll Warper began the quest for the Orb.
     0 | D:1      | Reached XP level 1. HP: 20/20 MP: 6/6
    91 | D:1      | Reached XP level 2. HP: 20/26 MP: 7/7
   107 | D:1      | Learned a level 2 spell: Blink
   110 | D:1      | Learned a level 2 spell: Shroud of Golubria
  1242 | D:2      | Reached XP level 3. HP: 30/31 MP: 9/9
  1251 | D:2      | Found a faded altar of an unknown god.
  1271 | D:2      | Found a burning altar of Makhleb.
  1278 | D:2      | Reached skill level 5 in Spellcasting
  1279 | D:2      | Found a shimmering altar of Xom.
  1415 | D:2      | Noticed Terence
  1429 | D:2      | Killed Terence
  1429 | D:2      | Reached skill level 1 in Short Blades
  1429 | D:2      | Reached skill level 1 in Long Blades
  1429 | D:2      | Reached skill level 1 in Axes
  1429 | D:2      | Reached skill level 1 in Polearms
  1429 | D:2      | Reached skill level 1 in Staves
  1429 | D:2      | Reached skill level 1 in Slings
  1429 | D:2      | Reached skill level 1 in Bows
  1429 | D:2      | Reached skill level 1 in Crossbows
  1429 | D:2      | Reached skill level 1 in Stealth
  1429 | D:2      | Reached skill level 1 in Shields
  1429 | D:2      | Reached skill level 1 in Unarmed Combat
  1429 | D:2      | Reached skill level 1 in Invocations
  1429 | D:2      | Reached skill level 1 in Evocations
  1429 | D:2      | Reached XP level 4. HP: 36/38 MP: 9/11
  1534 | D:2      | Learned a level 3 spell: Gell's Gravitas
  1539 | D:2      | Learned a level 4 spell: Passage of Golubria
  1620 | D:2      | Reached XP level 5. HP: 46/46 MP: 12/14
  2261 | D:3      | Noticed Ijyb
  2277 | D:3      | Killed Ijyb
  2426 | D:3      | Reached XP level 6. HP: 50/52 MP: 12/15
  2747 | D:4      | Reached skill level 5 in Throwing
  2747 | D:4      | Reached skill level 5 in Armour
  3166 | D:4      | Found a shadowy altar of Dithmenos.
  3166 | D:4      | Found a radiant altar of Vehumet.
  3215 | D:4      | Found a sacrificial altar of Ru.
  3393 | D:4      | Reached XP level 7. HP: 58/58 MP: 16/16
  3619 | D:4      | Found a stormy altar of Qazlal.
  4479 | D:5      | Entered Level 5 of the Dungeon
  5136 | D:5      | Found a glowing drain.
  5159 | D:5      | Reached XP level 8. HP: 58/65 MP: 18/18
  5167 | Sewer    | Entered a sewer
  5340 | Sewer    | Reached skill level 5 in Invocations
  5802 | D:5      | Found Biwaump's Gadget Shoppe.
  5812 | D:5      | Bought a wand of paralysis (10) for 144 gold pieces
  5816 | D:5      | Learned a level 3 spell: Teleport Other
  6251 | D:5      | Found a radiant altar of Vehumet.
  6561 | D:6      | Found a staircase to the Ecumenical Temple.
  6806 | D:6      | Reached XP level 9. HP: 28/71 MP: 13/19
  7045 | Temple   | Entered the Ecumenical Temple
  7378 | D:6      | Found Zemacler's Magic Scroll Boutique.
  7403 | D:6      | Bought a scroll of identify for 24 gold pieces
  7403 | D:6      | Bought a scroll of identify for 24 gold pieces
  7403 | D:6      | Bought a scroll of blinking for 90 gold pieces
  7403 | D:6      | Bought a scroll of teleportation for 36 gold pieces
  7687 | D:7      | Reached skill level 5 in Short Blades
  7687 | D:7      | Reached skill level 5 in Long Blades
  7687 | D:7      | Reached skill level 5 in Axes
  7687 | D:7      | Reached skill level 5 in Polearms
  7687 | D:7      | Reached skill level 5 in Staves
  7687 | D:7      | Reached skill level 5 in Slings
  7687 | D:7      | Reached skill level 5 in Bows
  7687 | D:7      | Reached skill level 5 in Crossbows
  7687 | D:7      | Reached skill level 5 in Stealth
  7687 | D:7      | Reached skill level 5 in Shields
  7687 | D:7      | Reached skill level 5 in Unarmed Combat
  7687 | D:7      | Reached skill level 5 in Evocations
  7760 | D:7      | Found a sand-covered staircase.
  7769 | Ossuary  | Entered an ossuary
  9335 | D:7      | Noticed Pikel
  9371 | D:7      | Killed Pikel
  9371 | D:7      | Reached XP level 10. HP: 64/79 MP: 12/21
  9391 | D:7      | Found an iron altar of Okawaru.
  9442 | D:7      | Became a worshipper of Warmaster Okawaru
  9774 | D:8      | Noticed a two-headed ogre
  9792 | D:8      | Killed a two-headed ogre
  9813 | D:8      | Reached * piety under Okawaru
 10451 | D:8      | Found a sparkling altar of Nemelex Xobeh.
 10506 | D:8      | Found a glowing silver altar of Zin.
 10807 | D:8      | Found a shattered altar of Ashenzari.
 10867 | D:8      | Noticed Erica
 12024 | D:9      | Found the ring of Phasing {EV+8}
 12047 | D:9      | Reached ** piety under Okawaru
 12052 | D:9      | Reached skill level 5 in Conjurations
 12052 | D:9      | Reached skill level 5 in Hexes
 12052 | D:9      | Reached skill level 5 in Charms
 12052 | D:9      | Reached skill level 5 in Summonings
 12052 | D:9      | Reached skill level 5 in Necromancy
 12052 | D:9      | Reached skill level 5 in Transmutations
 12052 | D:9      | Reached skill level 5 in Fire Magic
 12052 | D:9      | Reached skill level 5 in Ice Magic
 12052 | D:9      | Reached skill level 5 in Air Magic
 12052 | D:9      | Reached skill level 5 in Earth Magic
 12052 | D:9      | Reached skill level 5 in Poison Magic
 12395 | D:9      | Reached XP level 11. HP: 85/85 MP: 21/23
 12870 | D:8      | Killed Erica
 12870 | D:8      | Reached *** piety under Okawaru
 12870 | D:8      | Received a gift from Okawaru
 13138 | D:9      | Noticed Maurice
 13324 | D:9      | Killed Maurice
 13343 | D:9      | Learned a level 3 spell: Lesser Beckoning
 13453 | D:9      | Found a shattered altar of Ashenzari.
 13453 | D:9      | Found a basalt altar of Yredelemnul.
 13755 | D:9      | Found a blossoming altar of Fedhas.
 13822 | D:10     | Entered Level 10 of the Dungeon
 14186 | D:10     | You fall into a shaft and drop 3 floors!
 14235 | D:12     | Noticed a manticore
 14248 | D:12     | Noticed Sonja
 14248 | D:12     | Noticed a red ugly thing
 14558 | D:11     | Reached **** piety under Okawaru
 14636 | D:10     | Slain by a yak

Levels and vault maps discovered:
D:1:      moated_graveyard_arrival, layout_basic, bh_walls_and_bars
D:2:      layout_loops_ring, chequers_temple_overflow_statue_of_worship,
          chequers_ecumenical_altar_simple, uniq_terence
D:3:      layout_basic, first_ration, uniq_ijyb
D:4:      minmay_bubble_buster, layout_basic, gammafunk_temple_overflow_wave,
          grunt_qazlal_clouds, nicolae_ru_the_path_less_chosen,
          hangedman_decor_points
D:5:      layout_basic, gup_sewer_entry_glass, serial_shops, nicolae_shop_stone,
          basic_altar, nrook_pool_corridor, hangedman_decor_clover_reticule
D:6:      layout_rooms, temple_pool_b, serial_shops, shop_coins
D:7:      layout_loops_ring, okawaru_humans,
          nicolae_ossuary_entry_false_entrances, the_bakery, nrook_mini_vaults,
          uniq_pikel
D:8:      layout_loops_corners, zin_academy, lemuel_doored_altar,
          cheibrodos_ashenzari_chains, uniq_erica
D:9:      layout_loops_ring, amethyst_overflow_temple_binary,
          minmay_misc_feat_room, minmay_misc_feat_diagonals,
          fedhas_altar_decomposition, uniq_maurice
D:10:     layout_loops_cross, uniq_gastronok
D:11:     layout_loops_ring, lair_entry_dummy, st_stairs_14
D:12:     layout_irregular_city, hiddenorc2_lemuel, lemuel_flame_loot_1,
          uniq_nessos, uniq_snorg, uniq_sonja
D:13:     layout_gridville, david_vaults_2, enter_bailey_7, lemuel_oklob_altar
Temple:   jpeg_temple_clearing

Skill      XL: |  1  2  3  4  5  6  7  8  9 10 11 |
---------------+----------------------------------+-----
Spellcasting   | 5 6 7 8 |  8.4
Short Blades   | 1 4 5 6 |  6.6
Long Blades    | 1 4 5 6 |  6.6
Axes           | 1 4 5 6 |  6.6
Polearms       | 1 4 5 6 |  6.6
Staves         | 1 4 5 6 |  6.6
Slings         | 1 4 5 6 |  6.6
Bows           | 1 4 5 6 |  6.6
Crossbows      | 1 4 5 6 |  6.6
Stealth        | 1 4 5 6 |  6.6
Shields        | 1 4 5 6 |  6.6
Unarmed Combat | 1 4 5 6 |  6.6
Invocations    | 1 4 5 6 7 |  7.2
Evocations     | 1 4 5 6 |  6.6
Fighting       | 6 7 8 |  8.1
Maces & Flails | 6 7 8 |  8.1
Throwing       | 4 5 6 7 |  7.1
Armour         | 4 5 6 7 |  7.1
Dodging        | 6 7 8 |  8.1
Conjurations   | 3 4 5 |  5.5
Hexes          | 3 4 5 |  5.5
Charms         | 3 4 5 |  5.5
Summonings     | 3 4 5 |  5.5
Necromancy     | 3 4 5 |  5.5
Translocations | 6 7 |  7.8
Transmutations | 3 4 5 |  5.5
Fire Magic     | 3 4 5 |  5.5
Ice Magic      | 3 4 5 |  5.5
Air Magic      | 3 4 5 |  5.5
Earth Magic    | 3 4 5 |  5.5
Poison Magic   | 3 4 5 |  5.5

Action                   |  1- 3 |  4- 6 |  7- 9 | 10-12 || total
-------------------------+-------+-------+-------+-------++-------
Melee: Mace              |    80 |       |       |       ||    80
       Bite              |     8 |    12 |    66 |    42 ||   128
       Punch             |     1 |     3 |     5 |     3 ||    12
       Flail             |       |   164 |   630 |   116 ||   910
       Great sword       |       |       |       |   219 ||   219
 Cast: Shroud of Golubri |     4 |     9 |    16 |     7 ||    36
       Gell's Gravitas   |       |     5 |    33 |     7 ||    45
       Blink             |       |     1 |       |       ||     1
Evoke: Wand              |       |       |     2 |       ||     2
  Use: Scroll            |     4 |     8 |    11 |    13 ||    36
       Potion            |       |     1 |     2 |    11 ||    14
 Stab: Sleeping          |       |     2 |    12 |     3 ||    17
  Eat: Chunk             |     2 |     4 |     5 |     2 ||    13
       Ration            |       |     1 |     5 |     4 ||    10
Armor: Leather armour    |    22 |    86 |   264 |   107 ||   479
Dodge: Dodged            |    73 |   227 |   479 |   391 ||  1170
Block: Other             |       |       |       |    40 ||    40
       Shield            |       |       |       |    19 ||    19
       Reflection        |       |       |       |     1 ||     1
       Rpst.: Great sword |       |       |       |    91 ||    91
